 Dungeon Crawl Stone Soup version 0.31-a0-152-g6aa68a64a1 (webtiles) character file.

Game seed: 46134715862294688

5481 senseless the Trooper (level 10, -8/79 HPs)
             Began as a Demonspawn Gladiator on June 9, 2023.
             Was a Priest of Okawaru.
             Mangled by a hornet (9 damage)
             ... on level 8 of the Dungeon.
             The game lasted 00:20:49 (7345 turns).

senseless the Trooper (Demonspawn Gladiator)        Turns: 7345, Time: 00:20:49

Health: -8/79      AC:  6    Str: 22    XL:     10   Next: 42%
Magic:  20/20      EV: 15    Int: 10    God:    Okawaru [***...]
Gold:   337        SH: 11    Dex: 15    Spells: 9/9 levels left

rFire   + + .        K - +1 broad axe (flame)
rCold   . . .        p - +1 buckler {rF+}
rNeg    . . .        L - +0 steam dragon scales
rPois   .            (helmet restricted)
rElec   .            (no cloak)
rCorr   +            t - +0 pair of gloves
SInv    .            (no boots)
Will    +....        (no amulet)
Stlth   +            P - ring "Uhibaru" {rF+ Will+ MP+9 Str+4}
HPRegen 0.33/turn    Q - ring "Cecop" {Wiz *Slow rCorr Slay+3}
MPRegen 0.17/turn

%: slow self (1%), wizardry (x1)
@: lethally poisoned (-8 -> -32), slowed, very slow
A: horns 2, sturdy frame 1, condensation shield, high MP 1, wild magic 1,
MP-powered wands
a: Renounce Religion, Heroism


You were on level 8 of the Dungeon.
You worshipped Okawaru.
Okawaru was most pleased with you.
You visited 2 branches of the dungeon, and saw 9 of its levels.
You also visited: Sewer.

You collected 337 gold pieces.

Inventory:

Hand Weapons
 m - a +6 spectral hand axe
 K - a +1 broad axe of flaming (weapon)
Missiles
 d - 3 throwing nets (quivered)
 A - an atropa-tipped dart
 N - a javelin
Armour
 c - a +0 chain mail of willpower
 p - a +1 buckler of fire resistance (worn)
 t - a +0 pair of gloves (worn)
 I - a +0 ring mail of willpower
 L - +0 steam dragon scales (worn)
Jewellery
 e - the amulet of the Glimmering Gods {Acrobat rElec rN+ Str-5}
   (You took it off a centaur on level 7 of the Dungeon)

   [amulet of the acrobat]

   It increases your evasion while moving and waiting.
   Str:       It affects your strength (-5).
   rElec:     It insulates you from electricity.
   rN:        It protects you from negative energy.
 i - a ring of poison resistance
 D - a +6 ring of intelligence
 E - a ring of positive energy
 O - a ring of the Slug {Fly rF+}
   (You found it on level 7 of the Dungeon)

   [ring of flight]

   rF:        It protects you from fire.
   Fly:       It grants you flight.
 P - the ring "Uhibaru" (left hand) {rF+ Will+ MP+9 Str+4}
   (You found it on level 7 of the Dungeon)

   [ring of magical power]

   Str:       It affects your strength (+4).
   rF:        It protects you from fire.
   MP:        It affects your magic capacity (+9).
   Will:      It increases your willpower.
 Q - the ring "Cecop" (right hand) {Wiz *Slow rCorr Slay+3}
   (You found it on level 7 of the Dungeon)

   [ring of wizardry]

   It improves your spell success rate.
   Slay:      It affects your accuracy & damage with ranged weapons and melee
   (+3).
   rCorr:     It protects you from acid and corrosion.
   *Slow:     It may slow you when you take damage.
Wands
 k - a wand of acid (27)
 r - a wand of charming (11)
 z - a wand of digging (3)
 F - a wand of flame (23)
Scrolls
 a - a scroll of identify
 b - a scroll of blinking {unknown}
 o - 3 scrolls of teleportation
 q - a scroll of immolation
 s - a scroll of silence
 w - 3 scrolls of vulnerability
 B - 2 scrolls of amnesia
Potions
 f - 2 potions of haste
 h - a potion of ambrosia
 j - 2 potions of magic
 l - 2 potions of invisibility
 n - 4 potions of heal wounds
 v - a potion of enlightenment
 x - 3 potions of curing
 C - 2 potions of brilliance
 H - 2 potions of resistance
 M - 3 potions of cancellation


   Skills:
 + Level 7.3 Fighting
 + Level 6.9 Axes
 - Level 0.8(4.3) Maces & Flails
 + Level 6.6 Throwing
 + Level 7.0 Dodging
 + Level 6.2 Shields


You had 9 spell levels left.
You didn't know any spells.
Your spell library contained the following spells:

 Spells                   Type           Power      Damage    Failure   Level
 Ensorcelled Hibernation  Hex/Ice        0%         N/A       32%         2
 Poisonous Vapours        Pois/Air       0%         N/A       32%         2
 Mephitic Cloud           Conj/Pois/Air  0%         N/A       52%         3
 Spider Form              Tmut/Pois      0%         N/A       52%         3
 Volatile Blastmotes      Fire/Tloc      0%         2d10      52%         3
 Anguish                  Hex/Necr       0%         N/A       88%         4
 Cause Fear               Hex            0%         N/A       88%         4
 Fulminant Prism          Conj/Hex       0%         3d5       88%         4
 Iskenderun's Mystic Bla  Conj/Tloc      0%         2d3       88%         4
 Freezing Cloud           Conj/Ice/Air   0%         6-21      99%         5
 Lee's Rapid Deconstruct  Erth           0%         3d4*      99%         5
 Dragon Form              Tmut           0%         N/A       100%        7
 Dragon's Call            Summ           Unusable   N/A       N/A         9

Dungeon Overview and Level Annotations

Branches:
Dungeon (8/15)             Temple (1/1) D:4           Sewer (visited)
   Lair: D:8-11

Altars:
Cheibriados
Dithmenos
Fedhas
Gozag
Hepliaklqana
Kikubaaqudgha
Makhleb
Nemelex Xobeh
Okawaru
Qazlal
Ru
Sif Muna
Trog
Uskayaw
Vehumet
Wu Jian
Xom
Yredelemnul


Innate Abilities, Weirdness & Mutations

You have a pair of horns on your head.
Your movements are slightly less encumbered by armour. (ER -2)
A meltable shield of frost defends you. (SH +4)
You have an increased reservoir of magic. (+10% MP)
Your spells are a little harder to cast, but a little more powerful.
You expend magic power (3 MP) to strengthen your wands.


Message History

The killer bee poisons you! The killer bee stings you. The hornet misses you.
You slash the hornet! You burn the hornet.
The hornet is severely wounded.
You hit the killer bee. You burn the killer bee. You slash the killer bee!
You burn the killer bee.
You feel extremely sick.
You block the killer bee's attack. x2; The killer bee closely misses you.
The killer bee stings you. The hornet barely misses you.
The killer bee stings you. The killer bee misses you. The hornet stings you!
You feel as though you will be slow longer.
The killer bee barely misses you. The killer bee stings you.
You are more poisoned.
The killer bee poisons you!
You feel much better.
You feel very sick. The killer bee stings you.
You are more poisoned.
The killer bee poisons you! You block the killer bee's attack.
The hornet stings you.
You are more poisoned.
You feel as though you will be slow longer.
The killer bee barely misses you. You block the killer bee's attack.
The hornet stings you!
You suddenly lose the ability to move!
The killer bee stings you.
You are more poisoned.
The killer bee poisons you!
The killer bee stings you but does no damage.
The hornet stings you!
* * * LOW HITPOINT WARNING * * *
You feel as though you will be slow longer.
You can move again.
You slash the killer bee! You burn the killer bee.
You kill the killer bee!
Okawaru accepts your kill.
You hit the hornet. You burn the hornet. You completely miss the killer bee.
* * * LOW HITPOINT WARNING * * *
You feel extremely sick. The killer bee closely misses you.
The killer bee barely misses you. The hornet stings you!
You die...

#.# ##[# #.
.#.# . ..#
#. ..###
#.#####...
#...#.yy####
#...#..@...#
#.....####.#
# #..#.####
#.##..#....#
#.......##.#
####..#.# .#
#..#.##.##.#
#...........
#..........#


You could see a hornet and a killer bee.

Vanquished Creatures
  A two-headed ogre (D:7)
  An ugly thing (D:7)
  The ghost of makewrite the Poker, a novice MiFi of Gozag (D:5)
  2 gargoyles (D:7)
  Maggie (D:7)
  A kobold demonologist (D:7)
  A wyvern (D:7)
  A vampire mosquito (D:7)
  Menkaure (D:6)
  A water moccasin (D:6)
  3 ice beasts
  2 orc warriors (D:7)
  2 sky beasts (D:7)
  4 black bears
  2 phantoms (D:5)
  3 centaurs
  4 bullfrogs
  A kobold brigand (D:5)
  2 scorpions
  A killer bee (D:8)
  A howler monkey (D:7)
  2 jellies
  2 orc priests (D:3)
  3 iguanas
  3 sleepcaps
  4 orc wizards
  3 gnolls (D:2)
  3 river rats
  7 adders
  2 shadow imps
  2 white imps
  2 ufetubi (D:6)
  A worm (D:4)
  2 dart slugs
  13 orcs
  19 ball pythons
  6 endoplasms
  8 giant cockroaches
  20 goblins
  6 hobgoblins
  4 jackals (D:1)
  2 quokkas
  4 bats
  7 frilled lizards
  14 kobolds
  24 rats
199 creatures vanquished.

Notes
Turn   | Place    | Note
-------+----------+-------------------------------------------
     0 | D:1      | senseless the Demonspawn Gladiator began the quest for the
                  | Orb.
     0 | D:1      | Reached XP level 1. HP: 16/16 MP: 1/1
    75 | D:1      | Gained mutation: A meltable shield of frost defends you.
                  | (SH +4) [demonic ancestry]
    75 | D:1      | Reached XP level 2. HP: 22/22 MP: 2/2
   822 | D:2      | Gained mutation: You have a pair of small horns on your
                  | head. [demonic ancestry]
   822 | D:2      | Reached XP level 3. HP: 28/28 MP: 3/3
   888 | D:2      | Found an opulent altar of Gozag.
  1097 | D:2      | Found a faded altar of an unknown god.
  1382 | D:2      | Reached XP level 4. HP: 34/34 MP: 4/4
  1696 | D:3      | Reached skill level 1 in Shields
  1699 | D:3      | Gained mutation: You have a pair of horns on your head.
                  | [demonic ancestry]
  1699 | D:3      | Reached XP level 5. HP: 35/41 MP: 5/5
  2031 | D:3      | Found a glowing drain.
  2083 | Sewer    | Entered a sewer
  2432 | Sewer    | Reached XP level 6. HP: 33/47 MP: 6/6
  2971 | D:4      | Reached XP level 7. HP: 37/53 MP: 7/7
  3079 | D:4      | Found a staircase to the Ecumenical Temple.
  3147 | Temple   | Entered the Ecumenical Temple
  3466 | D:4      | Found a bloodstained altar of Trog.
  3666 | D:5      | Entered Level 5 of the Dungeon
  3740 | D:5      | Gained mutation: Your spells are a little harder to cast,
                  | but a little more powerful. [potion of mutation]
  3740 | D:5      | Gained mutation: You have an increased reservoir of magic.
                  | (+10% MP) [potion of mutation]
  3740 | D:5      | Gained mutation: You expend magic power (3 MP) to
                  | strengthen your wands. [potion of mutation]
  3904 | D:5      | Found a runed translucent gate.
  3905 | D:5      | Found a runed translucent gate.
  3905 | D:5      | Noticed makewrite's ghost (novice MiFi)
  3906 | D:5      | Found a runed translucent gate.
  4017 | D:5      | Found a large runed translucent door.
  4019 | D:5      | Found a large runed translucent door.
  4404 | D:5      | Gained mutation: Your movements are slightly less
                  | encumbered by armour. (ER -2) [demonic ancestry]
  4404 | D:5      | Reached XP level 8. HP: 61/61 MP: 8/8
  4415 | D:5      | Killed makewrite's ghost
  4416 | D:5      | Reached skill level 5 in Fighting
  4416 | D:5      | Reached skill level 5 in Dodging
  4603 | D:5      | Found a stormy altar of Qazlal.
  4611 | D:5      | Reached skill level 5 in Axes
  4614 | D:5      | Found an iron altar of Okawaru.
  4621 | D:5      | Became a worshipper of Warmaster Okawaru
  4964 | D:6      | Reached skill level 5 in Throwing
  4990 | D:6      | Noticed Menkaure
  4997 | D:6      | Killed Menkaure
  4997 | D:6      | Reached * piety under Okawaru
  4998 | D:6      | Reached XP level 9. HP: 36/68 MP: 9/9
  5141 | D:6      | Found an ancient bone altar of Kikubaaqudgha.
  5551 | D:7      | Found a radiant altar of Vehumet.
  5585 | D:7      | Found a shimmering altar of Xom.
  5668 | D:7      | Noticed Maggie
  5679 | D:7      | Killed Maggie
  5683 | D:7      | Reached skill level 5 in Shields
  5684 | D:7      | Reached ** piety under Okawaru
  6831 | D:7      | Noticed a two-headed ogre
  6831 | D:7      | Noticed a gargoyle
  6832 | D:7      | Noticed a kobold demonologist
  6833 | D:7      | Noticed a gargoyle
  6839 | D:7      | Killed a kobold demonologist
  6840 | D:7      | Killed a two-headed ogre
  6841 | D:7      | Reached XP level 10. HP: 77/77 MP: 0/11
  6841 | D:7      | Killed a gargoyle
  6841 | D:7      | Reached *** piety under Okawaru
  6841 | D:7      | Noticed a brown ugly thing
  6844 | D:7      | Killed a gargoyle
  6849 | D:7      | Identified a ring of the Slug {Fly rF+}
  6850 | D:7      | Killed a brown ugly thing
  7064 | D:7      | Identified the amulet of the Glimmering Gods {Acrobat rElec
                  | rN+ Str-5}
  7151 | D:7      | Identified the ring "Uhibaru" {rF+ Will+ MP+9 Str+4}
  7162 | D:7      | Identified the ring "Cecop" {Wiz *Slow rCorr Slay+3}
  7344 | D:8      | Paralysed by a hornet for 1 turns
  7345 | D:8      | HP: 1/79 [poisoned by a killer bee]
  7345 | D:8      | Mangled by a hornet

Illustrated notes

Levels and vault maps discovered:
D:1:      tarquinn_simple_flora_water_a, layout_basic
D:2:      cheibrodos_greedy_goblins, layout_loops_corners,
          hellmonk_ecumenical_altar_crossroads, basic_altar
D:3:      layout_rooms, portal_sewer_entry_a, kennysheep_path_1
D:4:      layout_loops_ring, mainiacjoe_overflow_chevrons,
          minmay_temple_entry_stoned_glass, fountainhead, st_stairs_12,
          nrook_mini_vaults, minmay_checkerbox
D:5:      layout_loops_ring, jmf_multi_god_temple2,
          gammafunk_ghost_nasty_kobolds
D:6:      layout_loops_ring, mainiacjoe_overflow_surrounded_room, uniq_menkaure
D:7:      minmay_the_grid_triangle_9x9_rhombus_thin
          [minmay_the_grid_triangle_9x9_longest,
          minmay_the_grid_triangle_9x9_prize_special,
          minmay_the_grid_triangle_9x9_intruding_spiral,
          minmay_the_grid_triangle_9x9_limited_checkers], layout_loops_corners,
          mainiacjoe_overflow_brackets, mainiacjoe_overflow_cross_hatched,
          minmay_between, uniq_maggie
D:8:      layout_loops_ring, lemuel_crystal_altar, chequers_avenue
Temple:   nicolae_temple_superstar

Skill      XL: |  1  2  3  4  5  6  7  8  9 10 |
---------------+-------------------------------+-----
Throwing       | 2 3 4 5 6 |  6.6
Dodging        | 3 4 5 6 7 |  7.0
Axes           | 3 4 5 6 |  6.9
Shields        | 1 2 3 4 5 6 |  6.2
Fighting       | 3 4 5 6 7 |  7.3
Maces & Flails | |  0.8

Action                     |  1- 3 |  4- 6 |  7- 9 | 10-12 || total
---------------------------+-------+-------+-------+-------++-------
  Melee: Mace              |    65 |       |       |       ||    65
         War axe           |     4 |       |       |       ||     4
         Hand axe          |    32 |   143 |   144 |       ||   319
         Punch             |     1 |       |       |       ||     1
         Headbutt          |     5 |    19 |    33 |     8 ||    65
         Broad axe         |       |       |    32 |    36 ||    68
  Throw: Throwing net      |       |       |     2 |       ||     2
         Dart              |       |       |     2 |       ||     2
         Javelin           |       |       |     1 |       ||     1
  Evoke: Wand              |       |       |     4 |     3 ||     7
    Use: Scroll            |     1 |    11 |    12 |     2 ||    26
         Potion            |       |     2 |     4 |     1 ||     7
   Stab: Distracted        |       |       |     5 |     1 ||     6
 Armour: Leather armour    |    29 |    39 |    21 |       ||    89
         Steam dragon scal |       |       |    10 |     9 ||    19
  Dodge: Dodged            |    66 |   101 |    69 |    37 ||   273
  Block: Other             |     7 |       |       |       ||     7
         Buckler           |     8 |    89 |    66 |    26 ||   189

Table legend: (Time is in decaauts)
 A = Elapsed time spent in this place.
 B = Non-inter-level travel time spent in this place.
 C = Inter-level travel time spent in this place.
 D = Time resting spent in this place.
 E = Time spent auto-exploring this place.
 F = Levels seen in this place.
 G = Mean time per level.
                   A        B        C        D        E       F      G
               +--------+--------+--------+--------+--------+-----+--------+
         Total |   7480 |   7250 |    230 |    353 |   5477 |  10 |  748.0 |
       Dungeon |   6768 |   6560 |    208 |    353 |   5056 |   8 |  846.0 |
        Temple |    136 |    114 |     22 |      0 |    100 |   1 |  136.0 |
         Sewer |    575 |    575 |      0 |      0 |    320 |   1 |  575.0 |
               +--------+--------+--------+--------+--------+-----+--------+

Top non-repeatable levels by time:
     D:7: 1783 daAuts
     D:2: 1045 daAuts
     D:5: 990 daAuts
     D:6: 837 daAuts
     D:4: 836 daAuts
     D:1: 669 daAuts
   Sewer: 575 daAuts
     D:3: 521 daAuts
  Temple: 136 daAuts
     D:8: 85 daAuts
